 Dungeon Crawl Stone Soup version 0.32-a0-42-ga30500b4d3 (webtiles) character file.

Game seed: 6165643123207451540

26077 Zanta616 the Fighter (level 12, -1/115 HPs)
             Began as a Pale Draconian Shapeshifter on Jan 29, 2024.
             Was a Follower of Uskayaw.
             Killed from afar by a swamp worm (10 damage)
             ... with a harpoon shot
             ... on level 3 of the Lair of Beasts.
             The game lasted 00:40:51 (15920 turns).

Zanta616 the Fighter (Pale Draconian Shapeshifter) Turns: 15920, Time: 00:40:52

Health: -1/115     AC:  8    Str: 27    XL:     12   Next: 95%
Magic:  19/19      EV: 14    Int:  8    God:    Uskayaw [*.....]
Gold:   539        SH:  0    Dex: 10    Spells: 11/11 levels left

rFire   + . .        u - +3 rapier (elec)
rCold   . . .        (no shield)
rNeg    + + .        (body armour unavailable)
rPois   +            (helmet currently unavailable)
rElec   +            (cloak currently unavailable)
rCorr   .            (gloves currently unavailable)
SInv    .            (boots currently unavailable)
Will    .....        A - amulet of magic regeneration
Stlth   ++++         d - ring of poison resistance
HPRegen 0.39/turn    s - ring of Internal Strife {rElec rF+ rN++ Str+6 Int-4}
MPRegen 0.56/turn

%: no passive effects
@: lethally poisoned (-1 -> -7), beast-form, studying Fighting
A: beast (slay +4), breathe steam, AC +8, unfitting armour, cold-blooded, steam
resistance
a: Breathe Steam, Begin Untransformation, Renounce Religion, Stomp


You were on level 3 of the Lair of Beasts.
You worshipped Uskayaw.
Uskayaw was aware of your devotion.
You were a hulking beast.
You visited 3 branches of the dungeon, and saw 14 of its levels.

You collected 703 gold pieces.
You spent 164 gold pieces at shops.

Inventory:

Hand Weapons
 u - a +3 rapier of electrocution (weapon)
Armour
 G - a +0 pair of boots
Jewellery
 d - a ring of poison resistance (left hand)
 s - the ring of Internal Strife (right hand) {rElec rF+ rN++ Str+6 Int-4}
   (You found it on level 2 of the Lair of Beasts)

   [ring of strength]

   Str+6:     It affects your strength (+6).
   Int-4:     It affects your intelligence (-4).
   rF+:       It protects you from fire.
   rElec:     It insulates you from electricity.
   rN++:      It greatly protects you from negative energy.
 A - an amulet of magic regeneration (around neck)
Talismans
 b - a beast talisman (active)
 c - a maw talisman
 w - a blade talisman
Wands
 f - a wand of charming (20)
 l - a wand of roots (14)
 x - a wand of quicksilver (22)
 F - a wand of polymorph (3)
Scrolls
 e - 4 scrolls of identify
 h - a scroll of vulnerability
 i - 3 scrolls of noise
 k - a scroll of torment
 o - 3 scrolls of revelation
 t - 4 scrolls of silence
 v - a scroll of amnesia
 y - a scroll of teleportation
Potions
 a - 4 potions of lignification
 g - 6 potions of curing
 j - 3 potions of cancellation
 m - a potion of degeneration
 n - a potion of brilliance
 p - a potion of resistance {unknown}
 q - a potion of berserk rage {unknown}
 r - 3 potions of heal wounds {unknown}
 z - a potion of attraction {unknown}
 B - a potion of enlightenment {unknown}
 C - a potion of might {unknown}
 D - a potion of ambrosia {unknown}


   Skills:
 + Level 13.2 Fighting
 + Level 7.2 Short Blades
 + Level 8.4 Dodging
 + Level 8.8 Stealth
 - Level 8.0 Unarmed Combat
 + Level 9.5 Invocations
 + Level 5.4 Evocations
 - Level 7.0 Shapeshifting


You had 11 spell levels left.
You didn't know any spells.
Your spell library contained the following spells:

 Spells                   Type           Power      Damage    Failure   Level
 Kiss of Death            Conj/Necr      0%         2d5       41%         1
 Necrotise                Necr           0%         1d4       41%         1
 Confusing Touch          Hex            0%         N/A       78%         3
 Gell's Gravitas          Tloc           0%         N/A       78%         3
 Inner Flame              Hex/Fire       0%         N/A       78%         3
 Teleport Other           Tloc           0%         N/A       78%         3
 Vampiric Draining        Necr           0%         2d6       78%         3
 Dispel Undead            Necr           0%         3d6       99%         4
 Martyr's Knell           Necr/Summ      0%         N/A       99%         4
 Curse of Agony           Necr           0%         N/A       100%        5
 Irradiate                Conj/Alch      0%         3d11      100%        5
 Dispersal                Tloc           0%         N/A       100%        6
 Ignition                 Fire           0%         3d3       100%        8


Dungeon Overview and Level Annotations

Branches:
Dungeon (9/15)             Temple (1/1) D:5            Lair (4/5) D:8
 Shoals (0/4) Lair:3        Snake (0/4) Lair:2
  Slime: Lair:4-5       Orc: D:9-12

Altars:
Ashenzari
Cheibriados
Dithmenos
Elyvilon
Fedhas
Gozag
Hepliaklqana
Kikubaaqudgha
Makhleb
Nemelex Xobeh
Okawaru
Qazlal
Ru
Sif Muna
Trog
Uskayaw
Vehumet
Wu Jian
Xom
Yredelemnul
Zin
The Shining One

Shops:
D:2 [   D:5 ?   D:7 =   D:8 =

Annotations:
D:9 Erolcha
Lair:3 1 transporter


Innate Abilities, Weirdness & Mutations

You are a hulking beast.
Your limbs bulge with bestial killing power. (Slay +4)
You can breathe blasts of scalding, opaque steam.
Your pale cyan-grey scales are hard. (AC +8)
You cannot fit into any form of body armour.
You are cold-blooded and may be slowed by cold attacks.
You are immune to the effects of steam.


Message History

There is a transporter here.
Okay, then.
Okay, then.
There is a transporter here.
You enter the transporter and appear at another place.
The swamp worm fires a harpoon shot at you.
The harpoon shot hits you!
You are yanked forward by the harpoon shot.
You collide with the briar patch!
The briar patch is moderately damaged.
The swamp worm fires a harpoon shot at you.
The harpoon shot hits you!
You are yanked forward by the harpoon shot.
You collide with the briar patch!
The briar patch is heavily damaged.
Blink to where?
Press: ? - help, Dir - move target
As you read the scroll of blinking, it crumbles to dust.
You are engulfed in dark miasma.
You are poisoned.
You feel very sick.
The swamp worm fires a harpoon shot at you.
The harpoon shot misses you.
The swamp worm fires a harpoon shot at you.
The harpoon shot hits you!
You are yanked forward by the harpoon shot.
You collide with the briar patch!
The briar patch is destroyed!
You open the door.
You are engulfed in dark miasma.
You feel very sick.
The swamp worm fires a harpoon shot at you.
The harpoon shot hits you!
* * * LOW HITPOINT WARNING * * *
You are yanked forward by the harpoon shot.
You collide with the briar patch!
The briar patch is heavily damaged.
* * * LOW HITPOINT WARNING * * *
You feel sick.
The swamp worm fires a harpoon shot at you.
The harpoon shot hits you!
You die...

# ####........P..###..### #
#.#...........## #### ##
##.............# .#
#............#### .###
##.#########.....## #.^#
#..##w#♣#w##.....P#
#..###.##≈§≈≈#≈≈####...##
##..#..#PPPPP○.P#?[#.##.#
#..P.©#©^^^^^^°h?©#©.### #
##....#PPPP☼PPP#$=#.## #
#P...##§≈≈#≈≈§####.P# ###
##.....#w#w#♣#w#....## ##P.
#......#########...#.# ##...
##..................##### #....
##.......###P......#.##.# #P...
#P.......###............####....
#######.......................P.


You could see 5 swamp worms.

Vanquished Creatures
  2 hydras
  A centaur warrior (D:9)
  2 two-headed ogres (D:9)
  A catoblepas (Lair:3)
  A boulder beetle (Lair:3)
  A deep elf pyromancer (D:9)
  8 elephants
  A manticore (Lair:3)
  A black mamba (Lair:4)
  9 cane toads
  2 rime drakes
  2 komodo dragons
  Maggie (Lair:1)
  A kobold demonologist (D:9)
  2 hornets
  Prince Ribbit (D:5)
  A wind drake (Lair:3)
  2 shadows
  A vampire (D:9)
  3 wyverns
  Eustachio (D:6)
  31 yaks
  2 steam dragons
  3 basilisks
  Menkaure (D:5)
  A vampire mosquito (D:9)
  12 water moccasins
  5 ice beasts
  An orc warrior (D:6)
  3 sky beasts
  3 black bears
  4 ogres
  10 wolves
  2 centaurs
  Blork the orc (D:5)
  6 bullfrogs
  2 scorpions
  9 wights
  18 killer bees
  2 howler monkeys
  An electric eel (D:7)
  A lava snake (Lair:2)
  3 bombardier beetles
  A jelly (D:6)
  6 orc priests
  6 hounds
  2 sleepcaps
  2 iguanas
  6 orc wizards
  8 gnolls
  5 adders
  2 shadow imps (D:6)
  A white imp (D:7)
  5 ufetubi
  2 dart slugs
  3 ribbon worms
  32 orcs
  3 bats (D:1)
  6 endoplasms
  3 giant cockroaches
  5 goblins
  9 hobgoblins
  4 jackals (D:3)
  5 kobolds
  4 quokkas
  8 ball pythons
  4 frilled lizards
  8 rats
305 creatures vanquished.

Vanquished Creatures (others)
  An ugly thing (D:9)
1 creature vanquished.

Grand Total: 306 creatures vanquished

Notes
Turn   | Place    | Note
-------+----------+-------------------------------------------
     0 | D:1      | Zanta616 the Draconian Shapeshifter began the quest for the
                  | Orb.
     0 | D:1      | Reached XP level 1. HP: 16/16 MP: 1/1
   144 | D:1      | Reached XP level 2. HP: 23/24 MP: 2/2
   449 | D:1      | Reached skill level 2 in Fighting
  1044 | D:2      | Reached XP level 3. HP: 27/29 MP: 3/3
  1070 | D:2      | Found Edof Sewk's Armour Emporium.
  1139 | D:2      | Found a faded altar of an unknown god.
  1153 | D:2      | Prayed at the altar of an unknown god.
  1153 | D:2      | Became a worshipper of Uskayaw the Reveller
  1153 | D:2      | Reached * piety under Uskayaw
  1204 | D:2      | Found a sacrificial altar of Ru.
  1729 | D:3      | Reached ** piety under Uskayaw
  1731 | D:3      | Reached skill level 1 in Stealth
  1752 | D:3      | Reached XP level 4. HP: 35/37 MP: 4/4
  1844 | D:3      | Found a blossoming altar of Fedhas.
  1903 | D:3      | Reached *** piety under Uskayaw
  1906 | D:3      | Reached skill level 3 in Fighting
  1906 | D:3      | Reached XP level 5. HP: 37/45 MP: 5/5
  2088 | D:3      | Found a broken altar of Ashenzari.
  2185 | D:3      | Reached skill level 1 in Invocations
  2317 | D:3      | Found a shadowy altar of Dithmenos.
  2328 | D:3      | Found a sacrificial altar of Ru.
  2817 | D:4      | Noticed a water moccasin
  2817 | D:4      | Noticed an ogre
  2907 | D:4      | Killed a water moccasin
  2908 | D:4      | Reached XP level 6. HP: 10/52 MP: 2/7
  3177 | D:4      | Reached skill level 4 in Fighting
  3554 | D:4      | Reached skill level 5 in Unarmed Combat
  3772 | D:4      | Found an opulent altar of Gozag.
  3802 | D:4      | Your scales start taking on a pale cyan-grey colour.
  3802 | D:4      | Reached XP level 7. HP: 59/59 MP: 8/8
  3802 | D:4      | Gained mutation: You are immune to the effects of steam.
                  | [Pale Draconian growth]
  4044 | D:5      | Entered Level 5 of the Dungeon
  4309 | D:5      | Noticed Blork the orc
  4328 | D:5      | Found a sparkling altar of Nemelex Xobeh.
  4328 | D:5      | Noticed Prince Ribbit
  4330 | D:5      | Noticed Menkaure
  4333 | D:5      | Killed Prince Ribbit
  4334 | D:5      | Reached XP level 8. HP: 40/67 MP: 10/10
  4347 | D:5      | Killed Menkaure
  4348 | D:5      | Killed Blork the orc
  4349 | D:5      | Reached skill level 5 in Fighting
  4633 | D:5      | Found a staircase to the Ecumenical Temple.
  4639 | Temple   | Entered the Ecumenical Temple
  4651 | D:5      | Found Tenne's Magic Scroll Shop.
  4659 | D:5      | Bought a scroll of revelation for 82 gold pieces
  4659 | D:5      | Bought a scroll of blinking for 82 gold pieces
  4659 | D:5      | Identified a scroll of acquirement
  4659 | D:5      | Acquired a manual of Fighting
  5230 | D:6      | Reached skill level 6 in Fighting
  5289 | D:6      | Reached XP level 9. HP: 70/75 MP: 8/12
  5327 | D:6      | Found a glowing silver altar of Zin.
  5578 | D:6      | Reached skill level 5 in Invocations
  5737 | D:6      | Reached skill level 5 in Dodging
  5751 | D:6      | Noticed Eustachio
  5757 | D:6      | Killed Eustachio
  5758 | D:6      | Reached skill level 7 in Fighting
  5758 | D:6      | Reached skill level 5 in Stealth
  6108 | D:7      | Found Piary's Jewellery Boutique.
  6276 | D:7      | Reached skill level 1 in Short Blades
  6276 | D:7      | Reached skill level 5 in Shapeshifting
  6949 | D:7      | Found the +5 Force Lance {heavy, knockback}
  7302 | D:8      | Reached skill level 8 in Fighting
  7305 | D:8      | Reached XP level 10. HP: 44/88 MP: 10/14
  7305 | D:8      | Reached **** piety under Uskayaw
  7310 | D:8      | Reached ***** piety under Uskayaw
  7512 | D:8      | Found a snail-covered altar of Cheibriados.
  7854 | D:8      | Found a staircase to the Lair.
  8338 | D:8      | Found a shimmering blue altar of Sif Muna.
  8387 | D:8      | Found Xaol's Jewellery Shoppe.
  8759 | D:9      | Paralysed by a hornet for 3 turns
  8919 | D:9      | Reached skill level 9 in Fighting
  9179 | D:9      | Noticed a purple ugly thing
  9232 | D:9      | Noticed a five-headed hydra
  9261 | D:9      | Killed a five-headed hydra
  9275 | D:9      | Noticed a centaur warrior
  9277 | D:9      | Killed a purple ugly thing
  9285 | D:9      | Killed a centaur warrior
  9286 | D:9      | Reached XP level 11. HP: 63/99 MP: 8/16
  9298 | D:9      | Noticed a deep elf pyromancer
  9433 | D:9      | Killed a deep elf pyromancer
  9434 | D:9      | Reached skill level 10 in Fighting
  9530 | D:9      | Noticed a two-headed ogre
  9537 | D:9      | Killed a two-headed ogre
  9538 | D:9      | Noticed a two-headed ogre
  9567 | D:9      | Killed a two-headed ogre
  9994 | D:9      | Noticed Erolcha
  9995 | D:9      | Noticed a death knight
 10047 | Lair:1   | Entered Level 1 of the Lair of Beasts
 10323 | Lair:1   | Reached skill level 5 in Short Blades
 10323 | Lair:1   | Reached skill level 1 in Evocations
 10493 | Lair:1   | Reached skill level 11 in Fighting
 10791 | Lair:1   | Found a hide-covered altar of Uskayaw.
 10901 | Lair:1   | Noticed Maggie
 10935 | Lair:1   | Killed Maggie
 12317 | Lair:2   | Reached XP level 12. HP: 111/111 MP: 18/18
 12595 | Lair:2   | Reached skill level 12 in Fighting
 12796 | Lair:2   | Identified the ring of Internal Strife {rElec rF+ rN++
                  | Str+6 Int-4}
 13233 | Lair:2   | Found a staircase to the Snake Pit.
 13860 | Lair:3   | Found a transporter.
 14344 | Lair:3   | Noticed a catoblepas
 14479 | Lair:3   | Noticed a boulder beetle
 14500 | Lair:3   | Killed a boulder beetle
 14669 | Lair:3   | Found a staircase to the Shoals.
 14684 | Lair:3   | Reached skill level 5 in Evocations
 15061 | Lair:3   | Reached skill level 13 in Fighting
 15097 | Lair:3   | Noticed a seven-headed hydra
 15111 | Lair:3   | Killed a seven-headed hydra
 15565 | Lair:3   | Found a transporter.
 15695 | Lair:3   | Killed a catoblepas
 15920 | Lair:3   | Killed from afar by a swamp worm

Illustrated notes

Levels and vault maps discovered:
D:1:      nzn_arrival_depleted_hourglass, layout_basic, patterned_corridor
D:2:      layout_loops_ring, hellmonk_ecumenical_altar_zigzags, serial_shops,
          shop, basic_altar, nrook_mini_vaults
D:3:      layout_basic, fedhas_altar_3,
          chequers_temple_overflow_statue_of_worship, evilmike_ruin_ashenzari,
          nicolae_half_adder
D:4:      layout_loops_cross, mainiacjoe_overflow_small_starburst
D:5:      layout_loops_ring, nicolae_overflow_crystal_walls,
          minmay_temple_entry_hall, serial_shops, nicolae_square_shop,
          serial_bayou_lagoon_b, uniq_blork_the_orc, uniq_menkaure,
          uniq_prince_ribbit1
D:6:      layout_loops_ring, mainiacjoe_overflow_concentric_impassable,
          uniq_eustachio
D:7:      layout_rooms, serial_shops, shop, minmay_misc_feat_ornament,
          kennysheep_generic_room_4
D:8:      layout_rooms, slow_altar_1, nicolae_sif_muna_little_library,
          hellmonk_lair_entry_icy, serial_shops, shop
D:9:      layout_basic, minivault_28, uniq_erolcha
Temple:   cyrus_circular_temple
Lair:1:   beast_lair_carwin_large_1, layout_gridlike, basic_altar,
          infiniplex_staircase_pool_2, uniq_maggie
Lair:2:   layout_gridlike, dummy_snake_entry
Lair:3:   gammafunk_worm_tunnel, layout_cave_pods, minmay_shoals_entry_beasts,
          minivault_23, grunt_megastairs_1
Lair:4:   layout_loops_ring, slime_entry_1, serial_bayou_shore_b,
          infiniplex_staircase_pool

Skill      XL: |  1  2  3  4  5  6  7  8  9 10 11 12 |
---------------+-------------------------------------+-----
Fighting       | 2 3 4 6 8 9 11 13 | 13.2
Dodging        | 2 3 4 5 6 7 8 |  8.4
Stealth        | 1 2 3 4 5 6 7 8 |  8.8
Unarmed Combat | 4 5 6 7 8 |  8.0
Invocations    | 1 2 3 4 5 7 8 9 |  9.5
Shapeshifting  | 4 5 7 |  7.0
Short Blades   | 2 4 5 7 |  7.2
Evocations     | 3 5 |  5.4

Action                     |  1- 3 |  4- 6 |  7- 9 | 10-12 || total
---------------------------+-------+-------+-------+-------++-------
  Melee: Unarmed           |   126 |   132 |   110 |       ||   368
         Tailslap          |     7 |    18 |    25 |    70 ||   120
         Punch             |     1 |     2 |     6 |    22 ||    31
         Rapier            |       |       |    57 |   402 ||   459
  Throw: Throwing net      |       |       |     3 |     4 ||     7
 Invoke: Stomp             |       |     4 |     3 |    28 ||    35
         Line Pass         |       |       |       |     2 ||     2
Ability: Breathe Steam     |       |       |    29 |    41 ||    70
  Evoke: Wand              |       |       |       |    17 ||    17
    Use: Potion            |       |     2 |     1 |     2 ||     5
         Scroll            |       |       |    13 |     7 ||    20
   Stab: Sleeping          |     4 |     2 |     7 |    13 ||    26
         Paralysed         |       |     1 |     2 |    18 ||    21
         Distracted        |       |     1 |       |     2 ||     3
         Confused          |       |       |       |     1 ||     1
         Held in net/web   |       |       |       |     1 ||     1
 Armour: Skin              |    61 |    65 |   110 |   359 ||   595
  Dodge: Dodged            |    73 |    80 |    93 |   336 ||   582
   Form: Beast             |     1 |       |       |     3 ||     4
         Blade             |       |       |       |     1 ||     1
         Flux              |       |       |       |     1 ||     1
         Maw               |       |       |       |     1 ||     1

Table legend: (Time is in decaauts)
 A = Elapsed time spent in this place.
 B = Non-inter-level travel time spent in this place.
 C = Inter-level travel time spent in this place.
 D = Time resting spent in this place.
 E = Time spent auto-exploring this place.
 F = Levels seen in this place.
 G = Mean time per level.
                   A        B        C        D        E       F      G
               +--------+--------+--------+--------+--------+-----+--------+
         Total |  15899 |  15553 |    346 |   4241 |   8964 |  14 | 1135.6 |
       Dungeon |  10049 |   9790 |    259 |   2161 |   5994 |   9 | 1116.6 |
        Temple |      1 |      0 |      1 |      0 |      0 |   1 |    1.0 |
          Lair |   5848 |   5763 |     85 |   2080 |   2969 |   4 | 1462.0 |
               +--------+--------+--------+--------+--------+-----+--------+

Top non-repeatable levels by time:
  Lair:1: 2238 daAuts
  Lair:3: 1975 daAuts
  Lair:2: 1484 daAuts
     D:8: 1401 daAuts
     D:9: 1362 daAuts
     D:4: 1180 daAuts
     D:6: 1148 daAuts
     D:3: 1133 daAuts
     D:7: 1058 daAuts
     D:5: 1054 daAuts
     D:1: 1015 daAuts
     D:2: 696 daAuts
  Lair:4: 149 daAuts
  Temple: 1 daAuts
